 Dungeon Crawl Stone Soup version 0.22-a0-274-gf8199ec (webtiles) character file.

48 tidbits the Insei (level 3, 19/28 HPs)
             Began as a Gnoll Transmuter on Mar 14, 2018.
             Was a Follower of Elyvilon.
             Quit the game on level 3 of the Dungeon.
             The game lasted 00:02:41 (330 turns).

tidbits the Insei (Gnoll Transmuter)                 Turns: 330, Time: 00:02:41

Health: 19/28      AC:  2    Str: 12    XL:     3   Next: 72%
Magic:  6/9        EV: 23    Int: 16    God:    Elyvilon [*.....]
Gold:   37         SH:  0    Dex: 20    Spells: 6/12 levels left

rFire    . . .     SeeInvis .     - Unarmed
rCold    . . .     Gourm    .   (shield currently unavailable)
rNeg     . . .     Faith    .   (armour currently unavailable)
rPois    x         Spirit   .   (helmet currently unavailable)
rElec    .         Reflect  .   (cloak currently unavailable)
rCorr    .         Harm     .   (gloves currently unavailable)
MR       .....                  (boots currently unavailable)
Stlth    ++........             (no amulet)
HPRegen  0.09/turn              (no ring)
MPRegen  0.11/turn              (no ring)

@: mildly poisoned (19 -> 17), spider-form (expiring)
A: tiny, distributed training, strong nose
a: End Transformation, Lesser Healing, Divine Protection, Renounce Religion


You were on level 3 of the Dungeon.
You worshipped Elyvilon.
Elyvilon was aware of your devotion.
You were not hungry.
You were a venomous arachnid creature.
You visited 1 branch of the dungeon, and saw 3 of its levels.

You collected 37 gold pieces.

Inventory:

Hand Weapons
 c - a +0 short sword
 e - a +0 dagger
 g - a +0 hunting sling
Missiles
 a - 10 arrows
 h - 17 stones (quivered)
Armour
 b - a +0 robe (melded)
Scrolls
 f - a scroll of identify {unknown}
Comestibles
 d - 4 rations


   Skills:
 + Level 2.6 Fighting
 + Level 0.9 Short Blades
 + Level 0.9 Long Blades
 + Level 0.9 Axes
 + Level 0.9 Maces & Flails
 + Level 0.9 Polearms
 + Level 0.9 Staves
 + Level 0.9 Slings
 + Level 0.9 Bows
 + Level 0.9 Crossbows
 + Level 0.9 Throwing
 + Level 0.9 Armour
 + Level 4.5 Dodging
 + Level 0.9 Stealth
 + Level 0.9 Shields
 + Level 6.5 Unarmed Combat
 + Level 5.0 Spellcasting
 + Level 0.6 Conjurations
 + Level 0.6 Hexes
 + Level 0.6 Charms
 + Level 0.6 Summonings
 + Level 0.6 Necromancy
 + Level 0.6 Translocations
 + Level 3.8 Transmutations
 + Level 0.6 Fire Magic
 + Level 0.6 Ice Magic
 + Level 0.6 Air Magic
 + Level 0.6 Earth Magic
 + Level 0.6 Poison Magic
 + Level 1.0 Invocations
 + Level 0.9 Evocations


You had 6 spell levels left.
You knew the following spells:

 Your Spells              Type           Power        Failure   Level  Hunger
e - Beastly Appendage     Tmut           ###...       11%         1    None
k - Sticks to Snakes      Tmut           ###.....     14%         2    #......
p - Spider Form           Tmut/Pois      ##........   38%         3    ###....


Dungeon Overview and Level Annotations

Branches:
Dungeon (3/15)

Altars:
Elyvilon


Innate Abilities, Weirdness & Mutations

Your experience applies equally to all skills.
((You have very sharp teeth.))
Your uncanny sense of smell can sniff out nearby items.


Message History

The goblin shoots a stone.
The stone barely misses you.
You bite the goblin!
You kill the goblin!
Things that are here:
a hunting sling; 17 stones; a goblin corpse
g - a hunting sling;
h - 17 stones Your transformation is almost over.
Found a robe.
A giant cockroach comes into view.
Your transformation has ended.
Your +0 robe unmelds from your body.
You see here a robe.
Casting: Spider Form (safe; 19% risk of failure)
Confirm with . or Enter, or press ? or * to list all spells.
You turn into a venomous arachnid creature.
Your +0 robe melds into your body.
The giant cockroach closely misses you.
The giant cockroach bites you but does no damage.
You bite the giant cockroach!
You kill the giant cockroach!
A kobold comes into view. It is wielding a dagger.
Your transformation is almost over.
Your magical contamination has completely faded away.
Found a stone staircase leading down.
Unknown command.
The helpless kobold fails to defend itself.
You bite the kobold!
You kill the kobold!
Found 10 gold pieces.
Unknown command.
Your transformation has ended.
Your +0 robe unmelds from your body.
You see here 10 gold pieces.
You now have 37 gold pieces (gained 10).
Things that are here:
a dagger; a kobold corpse A goblin comes into view.
It is wielding a club.
There is a stone staircase leading down here.
You climb downwards.
There is a stone staircase leading up here.
Unknown command.
A frilled lizard comes into view.
Casting: Spider Form (safe; 19% risk of failure)
Confirm with . or Enter, or press ? or * to list all spells.
You grow a pair of large bovine horns.
The frilled lizard hisses angrily.
The frilled lizard barely misses you.
You hit the frilled lizard but do no damage.
The frilled lizard closely misses you.
You hit the frilled lizard.
You kill the frilled lizard!
Your transformation is almost over.
Your horns disappear.
Unknown command.
Magic restored.
An adder comes into view.
Casting: Beastly Appendage (safe; 3% risk of failure)
Confirm with . or Enter, or press ? or * to list all spells.
You turn into a venomous arachnid creature.
Your +0 robe melds into your body.
The adder hisses angrily.
Casting: Spider Form (slightly dangerous; 38% risk of failure)
Confirm with . or Enter, or press ? or * to list all spells.
You create a snake!
You now have 10 arrows.
A leopard gecko comes into view.
The adder bites you.
You are poisoned.
The adder poisons you!
Found a ration.
You bite the adder!
The adder is poisoned.
The adder is severely wounded.
You feel sick.
You kill the adder!
Your Invocations skill increases to level 1!
Unknown command.
You feel sick.
You feel sick.
You feel sick.
A kobold comes into view. It is wielding a short sword.
The kobold shouts!
Found a faded altar of an unknown god.
You see here a ration.
d - 4 rations (gained 1)
You closely miss the kobold.
Your ball python bites the kobold but does no damage.
Your ball python barely misses the kobold.
The kobold hits you with a short sword.
You hit the kobold.
You kill the kobold!
Your transformation is almost over.
You feel sick.
Things that are here:
a short sword; a kobold corpse You feel sick.
There is a faded altar of an unknown god here.
You cannot tell which god this altar belongs to.
Convert to them anyway?
Elyvilon accepts your prayer! Elyvilon welcomes you!
You can now provide lesser healing for yourself.
You can now call on Elyvilon to save your life.
Are you sure you want to abandon this character and quit the game? (Confirm with "yes".)

#. .. ..... #.# ..... #.#
#..... #.# #......
###########.##.......
#....................
#............♣....... #
#.........).♣s♣
#l##........##.S♣..#
...........##.....#
#.##........##############
............# #.........#
...#...†#######.........#
####.................########
########.................#
##.........######.#


You could see a friendly ball python.

Vanquished Creatures
  3 adders
  2 bats
  2 giant cockroaches (D:2)
  3 goblins
  A hobgoblin (D:2)
  3 frilled lizards
  7 kobolds
  A rat (D:1)
22 creatures vanquished.

Vanquished Creatures (collateral kills)
  A giant cockroach (D:2)
1 creature vanquished.

Grand Total: 23 creatures vanquished

Notes
Turn   | Place    | Note
-------+----------+-------------------------------------------
     0 | D:1      | tidbits the Gnoll Transmuter began the quest for the Orb.
     0 | D:1      | Reached XP level 1. HP: 17/17 MP: 6/6
    63 | D:2      | Reached XP level 2. HP: 19/23 MP: 5/7
    67 | D:2      | Learned a level 2 spell: Sticks to Snakes
   123 | D:2      | Reached skill level 5 in Spellcasting
   123 | D:2      | Reached XP level 3. HP: 28/28 MP: 5/9
   131 | D:2      | Learned a level 3 spell: Spider Form
   314 | D:3      | Reached skill level 1 in Invocations
   321 | D:3      | Found a faded altar of an unknown god.
   329 | D:3      | Became a worshipper of Elyvilon the Healer
   329 | D:3      | Reached * piety under Elyvilon
   330 | D:3      | Quit the game

Vault maps used:
D:1:      shiori_arrival_oz, st_stairs_4
D:3:      cheibriados_altar_1, chequers_ecumenical_altar_simple,
          minmay_misc_feat_five

Skill      XL: |  1  2  3 |
---------------+----------+-----
Spellcasting   | 5 |  5.0
Invocations    | 1 |  1.0
Fighting       | |  2.6
Short Blades   | |  0.9
Long Blades    | |  0.9
Axes           | |  0.9
Maces & Flails | |  0.9
Polearms       | |  0.9
Staves         | |  0.9
Slings         | |  0.9
Bows           | |  0.9
Crossbows      | |  0.9
Throwing       | |  0.9
Armour         | |  0.9
Dodging        | |  4.5
Stealth        | |  0.9
Shields        | |  0.9
Unarmed Combat | |  6.5
Conjurations   | |  0.6
Hexes          | |  0.6
Charms         | |  0.6
Summonings     | |  0.6
Necromancy     | |  0.6
Translocations | |  0.6
Transmutations | |  3.8
Fire Magic     | |  0.6
Ice Magic      | |  0.6
Air Magic      | |  0.6
Earth Magic    | |  0.6
Poison Magic   | |  0.6
Evocations     | |  0.9

Action                   || total
-------------------------++-------
Melee: Unarmed           ||    41
       Headbutt          ||     7
       Bite              ||     2
       Kick              ||     1
       Punch             ||     1
 Cast: Beastly Appendage ||     7
       Sticks to Snakes  ||     2
       Spider Form       ||     5
 Stab: Distracted        ||     1
       Sleeping          ||     1
Armor: Robe              ||     1
       Skin              ||     1
Dodge: Dodged            ||    30

Table legend:
 A = Spawn XP
 B = Non-spawn XP
 C = Spawn XP percentage of total XP
 D = Spawn monster count
 E = Non-spawn monster count
 F = Spawn count percentage of total count
 G = Total turns spent on level
                    A         B        C        D         E        F      G
               +---------+---------+-------+---------+---------+-------+---------
         Total |       0 |      69 |   0.0 |       0 |      23 |   0.0 |   330
               +---------+---------+-------+---------+---------+-------+---------
           D:1 |       0 |       9 |   0.0 |       0 |       6 |   0.0 |    54
           D:2 |       0 |      45 |   0.0 |       0 |      14 |   0.0 |   217
           D:3 |       0 |      15 |   0.0 |       0 |       3 |   0.0 |    59
               +---------+---------+-------+---------+---------+-------+---------

Table legend:
 A = Turns spent in this place as a percentage of turns spent in the entire game.
 B = Non-inter-level travel turns spent in this place as a percentage of non-inter-level travel turns spent in the entire game.
 C = Inter-level travel turns spent in this place as a percentage of turns spent in this place.
 D = Turns resting spent in this place as a percentage of non-inter-level travel turns spent in this place.
 E = Turns spent auto-exploring this place as a percentage of non-inter-level travel turns spent in this place.
 F = Non-inter-level travel turns spent in this place divided by the number of levels of this place that you've seen.
                   A       B       C       D       E      F
               +-------+-------+-------+-------+-------+----------------------
         Total | 100.0 | 100.0 |   0.0 |   0.0 |   0.0 | 110.0
       Dungeon | 100.0 | 100.0 |   0.0 |   0.0 |   0.0 | 110.0
               +-------+-------+-------+-------+-------+----------------------

Table legend:
 A = Kills in this place as a percentage of kills in entire the game.
 B = Kills by you in this place as a percentage of kills by you in the entire game.
 C = Kills by friends in this place as a percentage of kills by friends in the entire game.
 D = Other kills in this place as a percentage of other kills in the entire game.
 E = Experience gained in this place as a percentage of experience gained in the entire game.
 F = Experience gained in this place divided by the number of levels of this place that you have seen.
                   A       B       C       D       E      F
               +-------+-------+-------+-------+-------+----------------------
         Total | 100.0 | 100.0 | 100.0 |   N/A | 100.0 |  23.0
       Dungeon | 100.0 | 100.0 | 100.0 |   N/A | 100.0 |  23.0
               +-------+-------+-------+-------+-------+----------------------

Vault maps used:
D:1:      shiori_arrival_oz, st_stairs_4
D:3:      cheibriados_altar_1, chequers_ecumenical_altar_simple,
          minmay_misc_feat_five
